 Dungeon Crawl Stone Soup version 0.30-a0-439-g9e77e4d916 (webtiles) character file.

Game seed: 11569207569672335471

249 cforsyth the Trooper (level 5, -2/48 HPs)
             Began as a Minotaur Berserker on Dec 10, 2022.
             Was a Priest of Trog.
             Killed by divine providence
             ... invoked by an orc priest
              (15 damage)
             ... on level 4 of the Dungeon.
             The game lasted 00:05:20 (3100 turns).

cforsyth the Trooper (Minotaur Berserker)           Turns: 3100, Time: 00:05:21

Health: -2/48      AC:  5    Str: 23    XL:     5   Next: 86%
Magic:  4/4        EV: 12    Int:  4    God:    Trog [***...]
Gold:   146        SH:  0    Dex: 10    Spells: 4/4 levels left

rFire   . . .      SeeInvis .    a - +0 hand axe
rCold   . . .      Faith    .    (no shield)
rNeg    . . .      Spirit   .    n - +0 ring mail
rPois   .          Reflect  .    (helmet restricted)
rElec   .          Harm     .    (no cloak)
rCorr   .          Rampage  .    (no gloves)
Will    .....                    (no boots)
Stlth   ..........               (no amulet)
HPRegen 0.28/turn                (no ring)
MPRegen 0.09/turn                (no ring)

@: no status effects
A: horns 2, retaliatory headbutt
a: Renounce Religion, Berserk, Trog's Hand


You were on level 4 of the Dungeon.
You worshipped Trog.
Trog was most pleased with you.
You visited 1 branch of the dungeon, and saw 4 of its levels.

You collected 146 gold pieces.

Inventory:

Hand Weapons
 a - a +0 hand axe (weapon)
 r - a +3 halberd
Armour
 n - a +0 ring mail (worn)
Scrolls
 c - 4 scrolls of identify {unknown}
 d - a scroll of poison {unknown}
 h - 2 scrolls of teleportation {unknown}
 i - a scroll of blinking {unknown}
 l - 2 scrolls of enchant armour {unknown}
 m - a scroll of brand weapon {unknown}
 p - a scroll of noise {unknown}
 q - a scroll of amnesia {unknown}
Potions
 b - a potion of curing {unknown}
 e - a potion of brilliance {unknown}
 f - a potion of berserk rage {unknown}
 g - 2 potions of haste {unknown}
 j - 3 potions of mutation {unknown}
 k - a potion of lignification {unknown}
 o - 3 potions of heal wounds {unknown}
 s - a potion of degeneration {unknown}


   Skills:
 + Level 5.1 Fighting
 + Level 5.0 Axes
 + Level 4.2 Armour
 + Level 3.8 Dodging


You had 4 spell levels left.
You didn't know any spells.
Your spell library was empty.

Dungeon Overview and Level Annotations

Branches:
Dungeon (4/15)
 Temple: D:4-7

Altars:
Hepliaklqana
Xom

Shops:
D:1 (


Innate Abilities, Weirdness & Mutations

You have a pair of horns on your head.
You reflexively headbutt those who attack you in melee.


Message History

You are too confused!
You barely miss the orc wizard. Your headbutt misses the orc wizard.
The orc wizard hits you but does no damage.
You closely miss the orc wizard. Your headbutt misses the orc wizard.
The orc wizard hits you with a +0 dagger.
The orc wizard attacks as you move away!
The orc wizard hits you with a +0 dagger.
The orc wizard points at you and mumbles some strange words.
The magic dart hits you!
The orc wizard hits you but does no damage.
You barely miss the orc wizard. Your headbutt misses the orc wizard.
You feel less confused.
The orc priest looks encouraged for a moment.
The orc wizard hits you with a +0 dagger.
You hit the orc wizard. You headbutt the orc wizard.
The orc wizard is moderately wounded.
The orc wizard barely misses you.
You barely miss the orc wizard.
The orc wizard is moderately wounded.
The orc wizard hits you with a +0 dagger.
You hit the orc wizard.
The orc wizard is severely wounded.
The orc wizard hits you with a +0 dagger.
You hit the orc wizard. Your headbutt misses the orc wizard.
The orc wizard is severely wounded.
The orc wizard gestures at you while chanting.
The magic dart hits you.
You barely miss the orc wizard.
The orc wizard is severely wounded.
The orc priest calls down the wrath of Beogh upon you.
Beogh smites you!
The orc wizard hits you with a +0 dagger.
* * * LOW HITPOINT WARNING * * *
You hit the orc wizard.
You kill the orc wizard!
Trog accepts your kill.
Trog appreciates your killing of a magic user.
The orc priest calls down the wrath of Beogh upon you.
Beogh smites you!
You die...

.#
#####..#
#.@o.o#
#.###.#
#.#<#
#.#.#
#.#.#
#.#.#
#.#.#
#.#.#
#.#.#


You could see an orc priest and an orc.

Vanquished Creatures
  An orc wizard (D:4)
  Robin (D:3)
  10 gnolls
  3 adders
  2 worms
  2 dart slugs (D:1)
  6 orcs
  6 ball pythons
  7 bats
  6 endoplasms
  3 giant cockroaches
  15 goblins
  11 hobgoblins
  3 jackals (D:2)
  3 quokkas
  3 frilled lizards
  11 kobolds
  8 rats
101 creatures vanquished.

Notes
Turn   | Place    | Note
-------+----------+-------------------------------------------
     0 | D:1      | cforsyth the Minotaur Berserker began the quest for the
                  | Orb.
     0 | D:1      | Reached XP level 1. HP: 19/19 MP: 0/0
    66 | D:1      | Found Symmixta's Antique Weapon Shop.
   100 | D:1      | Reached XP level 2. HP: 25/27 MP: 1/1
   407 | D:1      | Reached XP level 3. HP: 33/33 MP: 2/2
   432 | D:1      | Reached ** piety under Trog
  1126 | D:2      | Reached XP level 4. HP: 41/41 MP: 3/3
  1299 | D:2      | You fall into a shaft and drop 2 floors!
  1327 | D:3      | Noticed Robin
  1335 | D:3      | Killed Robin
  1378 | D:3      | Found a shimmering altar of Xom.
  1575 | D:2      | Reached XP level 5. HP: 24/47 MP: 4/4
  1876 | D:2      | Found a faded altar of an unknown god.
  2187 | D:3      | Reached *** piety under Trog
  2529 | D:3      | Found a hazy altar of Hepliaklqana.
  2654 | D:3      | Reached skill level 5 in Fighting
  2753 | D:3      | Reached skill level 5 in Axes
  3100 | D:4      | Killed from afar by an orc priest

Illustrated notes

Levels and vault maps discovered:
D:1:      dpeg_arrival_rooms_a, layout_loops_ring, serial_shops,
          nicolae_square_shop, minmay_misc_feat_alley
D:2:      minmay_chambers_of_ones, layout_loops_cross,
          shapermc_ecumenical_altar_mp_highgroup, grunt_ministairs_12
D:3:      layout_loops_corners, mainiacjoe_overflow_cross_hatched,
          nicolae_hepliaklqana_hippocampus, uniq_robin
D:4:      layout_basic

Skill      XL: |  1  2  3  4  5 |
---------------+----------------+-----
Fighting       | 4 5 |  5.1
Axes           | 4 5 |  5.0
Armour         | 3 4 |  4.2
Dodging        | 3 |  3.8

Action                   |  1- 3 |  4- 6 || total
-------------------------+-------+-------++-------
Melee: Hand axe          |    95 |   104 ||   199
       Headbutt          |     8 |    16 ||    24
Invok: Berserk           |     1 |     1 ||     2
 Stab: Sleeping          |     1 |       ||     1
Armor: Animal skin       |    22 |       ||    22
       Ring mail         |       |    28 ||    28
Dodge: Dodged            |    67 |    65 ||   132

Table legend: (Time is in decaauts)
 A = Elapsed time spent in this place.
 B = Non-inter-level travel time spent in this place.
 C = Inter-level travel time spent in this place.
 D = Time resting spent in this place.
 E = Time spent auto-exploring this place.
 F = Levels seen in this place.
 G = Mean time per level.
                   A        B        C        D        E       F      G
               +--------+--------+--------+--------+--------+-----+--------+
         Total |   3136 |   3009 |    127 |     57 |   2446 |   4 |  784.0 |
       Dungeon |   3136 |   3009 |    127 |     57 |   2446 |   4 |  784.0 |
               +--------+--------+--------+--------+--------+-----+--------+

Top non-repeatable levels by time:
     D:2: 1209 daAuts
     D:3: 1071 daAuts
     D:1: 799 daAuts
     D:4: 56 daAuts
